[Event "*** Titled Tuesday Blitz"]
[Site "Chess.com"]
[Date "2021.04.27"]
[Round "5"]
[White "szachuspl"]
[Black "RobertoJBM"]
[Result "0-1"]
[WhiteElo "2548"]
[BlackElo "2727"]
[TimeControl "180+1"]
[EndTime "10:58:24 PDT"]
[Termination "RobertoJBM won on time"]

1. d4 d5 2. c4 c6 3. cxd5 cxd5 4. Bg5 h6 5. Bh4 Qb6 6. Nc3 e6 7. Qd2 Nc6 8. e3 Be7 9. Bxe7 Ngxe7 10. Nf3 O-O 11.
Bd3 Bd7 12. O-O Rfc8 13. Rfc1 Be8 14. Na4 Qa5 15. Qxa5 Nxa5 16. Nc5 b6 17. Na6 Nc4 18. b3 Nd6 19. Nc7 Rab8 20. Ba6 Rd8 21. a4 Bd7 22.
Ne5 Bc8 23. Be2 Bb7 24. Rc2 f6 25. Nf3 Kf7 26. Rac1 Rd7 27. Nb5 Nxb5 28. Bxb5 Rdd8 29. Rc7 Rbc8 30. Kf1 a6 31. Bd3 Ke8 32. Ke2 Rxc7 33. Rxc7 Rd7 34. Rc1 Kd8 35. h4 Rc7 36. Rb1 Kd7 37.
Kd2 Kd6 38. g4 e5 39. Be2 e4 40. Nh2 g6 41. Nf1 f5 42. gxf5 Nxf5 43. h5 g5 44. Bg4 Ng7 45. Ng3 Bc8 46. Be2 a5 47. Rh1 Be6 48.
Bb5 Rf7 49. Ke2 Bd7 50. Bxd7 Rxd7 51. Rc1 Rc7 52. Rxc7 Kxc7 53. f3 exf3+ 54. Kxf3 Kd6 55. Kg4 Ke6 56. e4 dxe4 57. Nxe4 Kd5 58. Nf6+ Kxd4 59. Ng8 Kc3 60. Nxh6 Kxb3 61. Nf5 Nxh5 62. Kxh5 Kxa4 63. Kxg5 Kb3 64. Nd4+ Kc3 65. Nb5+ Kb4 66. Nd4 a4 67. Kf4 Kc3 68. Ke3 a3 69. Ne2+ Kc2 70. Nd4+ Kb2 71. Kd2 a2 72. Nc2 b5 73. Kd3 b4 74. Nxb4 a1=Q 75.
Nd5 Qd1+ 76. Ke4 Kb3 77. Ne3 Qe2 78. Kd4 Qd2+ 79. Ke4 Kb4 80. Nd5+ Kc5 81. Ne3 Qd4+ 82. Kf3 Qe5 83. Kf2 Kd4 84. Nc2+ Ke4 85. Ke2 Qc3 86. Ne1 Qb2+ 0-1

[Event "*** Titled Tuesday Blitz"]
[Site "Chess.com"]
[Date "2021.04.27"]
[Round "5"]
[White "nrvisakh"]
[Black "Iskusnyh"]
[Result "1-0"]
[WhiteElo "2814"]
[BlackElo "2601"]
[TimeControl "180+1"]
[EndTime "10:58:25 PDT"]
[Termination "nrvisakh won on time"]

1. e4 e6 2. d4 d5 3. Nc3 Nf6 4. exd5 exd5 5. Bd3 c6 6. Nge2 Bd6 7. O-O O-O 8. Bf4 Re8 9. Qd2 Be6 10. Rfe1 Qc7 11. h3 Nbd7 12. Bg3 Nf8 13. Nf4 Bd7 14.
Nfe2 Ng6 15. Bxd6 Qxd6 16. Ng3 Qf4 17. Qxf4 Nxf4 18. Bf5 g6 19. Bxd7 Nxd7 20. Nge2 Ne6 21. Rad1 Re7 22. Nf4 Kg7 23. Re3 Ndf8 24. Nce2 Rae8 25.
Nxe6+ Rxe6 26. Rxe6 Rxe6 27. Kf1 Nd7 28. Rd3 Nb6 29.
b3 Nc8 30. c4 Nb6 31. c5 Nd7 32. b4 Nf6 33. f3 Ne8 34. a4 Nc7 35. Rb3 a6 36.
Kf2 g5 37. Nc3 Re7 38. b5 Ne6 39. bxc6 bxc6 40. Ne2 a5 41. Rb6 Rc7 42. Ke3 Kf6 43.
g3 Ke7 44. Nc3 Kd7 45. Ne2 f5 46. f4 h6 47. Nc1 gxf4+ 48. gxf4 Nd8 49. Nd3 Ke6 50. Ne5 h5 51. h4 Rb7 52. Rxb7 Nxb7 53.
Nxc6 Kd7 54. Ne5+ Kc7 55. Nf3 Nd8 56. Ng5 Nc6 57. Ne6+ Kd7 58. Ng7 Ne7 59. Nxh5 Ke6 60. Ng3 Nc6 61. Ne2 Nb4 62. Nc1 Nc2+ 63. Kd3 Ne1+ 64.
Ke2 Ng2 65. Nd3 Nxh4 66. Kf2 Ng6 67. Ke3 Ne7 68. Nc1 Nc6 69. Nb3 Nb4 70. Nxa5 Nc2+ 71. Kd3 Ne1+ 72. Ke2 Nc2 73. Nb3 Kd7 74. Kd2 Nb4 75. Kc3 Na2+ 76. Kb2 Nb4 77. Nc1 Kc6 78.
Kb3 Na6 79. Nd3 1-0

[Event "*** Titled Tuesday Blitz"]
[Site "Chess.com"]
[Date "2021.04.27"]
[Round "5"]
[White "nrvignesh"]
[Black "Hypercar"]
[Result "1/2-1/2"]
[WhiteElo "2784"]
[BlackElo "2607"]
[TimeControl "180+1"]
[EndTime "10:58:32 PDT"]
[Termination "Game drawn by repetition"]

1. c4 e5 2. g3 Nf6 3. Bg2 d5 4. cxd5 Nxd5 5. Nf3 Bd6 6. O-O O-O 7. d3 c6 8. Nc3 Nxc3 9. bxc3 f6 10. Qb3+ Kh8 11. a4 Qe7 12. Ba3 Bxa3 13. Qxa3 Qxa3 14. Rxa3 Na6 15. Rb1 Rb8 16. Nd2 Be6 17. a5 Bd5 18. Bf1 Kg8 19. c4 Be6 20. Ne4 Rfd8 21. Rab3 Rd7 22.
Bg2 Kf7 23. Nc3 Rc7 24. Na4 Ke7 25. f4 Kd6 26. R3b2 Nc5 27. Nc3 Ke7 28. Kf2 h5 29.
Ke3 Rd8 30. Ne4 Nxe4 31. Bxe4 Rdd7 32. fxe5 fxe5 33. Bg6 Bg4 34. Rf1 Rd6 35. Be4 Rf6 36.
Rfb1 Bc8 37. c5 a6 38. Bf3 g6 39. Rb4 Kd8 40. Re4 Re7 41. g4 hxg4 42. Bxg4 Bf5 43. Reb4 Kc8 44. Bf3 Rff7 45. h4 Rh7 46. Rg1 Kc7 47.
Rg5 Rhf7 48. Rb1 Rf6 49. Rf1 Ref7 50. h5 gxh5 51. Bxh5 Rf8 52. Rg7+ Kb8 53. Bf3 Bc8 54. Rfg1 Rf4 55. Re7 Ra4 56. Rxe5 Rxa5 57. Rg7 Rb5 58. d4 Rb3+ 59. Kd2 Rb2+ 60. Kc3 Rb5 61. Be4 a5 62. Bd3 Rb4 63. Ree7 Rd8 64. e3 Rf8 65. Rgf7 Rxf7 66. Rxf7 Ra4 67. Kb3 Ra1 68. Kb2 Re1 69. Re7 a4 70. e4 Rg1 71. d5 Rg3 72. Kc3 cxd5 73. exd5 a3 74. Re1 Bf5 75. Kb4 Rxd3 76. d6 Kc8 77. Re8+ Kd7 78. Re7+ Kd8 79. Rxb7 Be4 80. Ra7 Rd2 81. Rxa3 Rc2 82. Rb3 Rd2 83. Rc3 Kd7 84. Rc4 Bc6 85. Rd4 Re2 86. Kc3 Re3+ 87. Rd3 Re8 88.
Kd4 Re4+ 89. Kc3 Ra4 90. Re3 Ra3+ 91. Kd4 Rxe3 92. Kxe3 Ba4 93. Kd4 Bc6 94. Ke5 Ba4 95.
Kd4 Bc6 96. Ke5 Ba4 97. Kf6 Bc6 98. Ke5 1/2-1/2

[Event "*** Titled Tuesday Blitz"]
[Site "Chess.com"]
[Date "2021.04.27"]
[Round "5"]
[White "MPGM"]
[Black "Jungle_Jaguar"]
[Result "1/2-1/2"]
[WhiteElo "2491"]
[BlackElo "2689"]
[TimeControl "180+1"]
[EndTime "10:59:05 PDT"]
[Termination "Game drawn by repetition"]

1. c4 c6 2. d4 d5 3. Nf3 Nf6 4. g3 Bf5 5. Nc3 e6 6. Nh4 Be4 7. f3 Bg6 8. Qb3 Qb6 9. c5 Qxb3 10. axb3 Be7 11. b4 O-O 12. Nxg6 hxg6 13. e3 a6 14. Bd3 Nbd7 15. Kf2 e5 16. Bd2 Rfe8 17. h3 Bf8 18.
Bc2 Re6 19. g4 Rae8 20. Rag1 b6 21. h4 a5 22. bxa5 exd4 23. exd4 bxc5 24. Re1 cxd4 25. Na4 Nc5 26. Nxc5 Bxc5 27. Bd3 Ne4+ 28. fxe4 dxe4 29. Bc4 e3+ 30. Kg2 exd2 31. Rxe6 fxe6 32. Rd1 Bb4 33. Kf3 Kf7 34. a6 Ke7 35. Ra1 Kd6 36. Ke2 Kc5 37.
a7 Ra8 38. Bxe6 Kb6 39. Bf7 g5 40. hxg5 Rxa7 41. Rxa7 Kxa7 42. g6 Kb6 43. Kd1 c5 44. b3 Kc7 45. Ke2 Kd6 46. Kd1 Ke5 47. Be8 Kf6 48.
Bf7 Kg5 49. Ke2 Kxg4 50. Kd1 Kf4 51. Ke2 Ke4 52. Kd1 Ke3 53. Be6 Kd3 54. Bc4+ Kc3 55.
Bf7 Kd3 56. Bc4+ Ke3 57. Bf7 Ke4 58. Bc4 Ke5 59. Bf7 Kf6 60. Ke2 Ba5 61. Kd1 d3 62. Be8 Bc3 63. Bf7 Kf5 64. Be8 Ke5 65. Bf7 Kd6 66. Be8 Ke7 67. Bf7 Ba5 68. Bc4 Kd6 69. Bf7 Kc6 70. Bc4 Kb6 71. Bxd3 Kc7 72. Bc4 Kd8 73.
Bf7 Ke7 74. Bc4 Kf6 75. Bf7 Kg5 76. Be8 Kh6 77. Bf7 Bd8 78. Be8 Bg5 79. Bf7 Bf4 80. Be8 Kh5 81. Bf7 Kg5 82. Be8 Kh6 83.
Bf7 c4 84. bxc4 Be3 85. Ke2 Kg5 86. Kd1 Kf6 87. Be8 Ke7 88. Bf7 Kd6 89. Bd5 Kc5 90. Bf7 Bg5 91. Be6 Kd4 92. Bf7 Bf4 93. Be6 Ke5 94. Bf7 Kd6 95. Be8 Ke7 96. Bf7 Kf6 97.
c5 Ke7 98. c6 Kd6 99. Be8 Kc7 100. Bd7 Kd6 101. Be8 Kc5 102. Bd7 Bc7 103. Be8 Ba5 104. Bd7 Kd6 105. Be8 Kc7 106. Bd7 Kd8 107. Kc2 Ke7 108. Kd1 Kf6 109. Be8 Ke7 110. Bd7 Kf8 111. Kc2 Kg8 112. Be6+ Kf8 113. Bd7 Ke7 114. Kd1 1/2-1/2

[Event "*** Titled Tuesday Blitz"]
[Site "Chess.com"]
[Date "2021.04.27"]
[Round "6"]
[White "The_filthy"]
[Black "szefru"]
[Result "0-1"]
[WhiteElo "2397"]
[BlackElo "2188"]
[TimeControl "180+1"]
[EndTime "11:00:57 PDT"]
[Termination "szefru won by resignation"]

1. e4 e5 2. Nf3 Nc6 3. Bb5 a6 4. Ba4 Nf6 5. d3 b5 6. Bb3 Bc5 7. Nc3 O-O 8. Bg5 h6 9. Bh4 Be7 10. Qd2 d6 11. h3 Nd4 12. Bxf6 Bxf6 13. O-O-O Nxf3 14. Qe2 Nd4 0-1

[Event "*** Titled Tuesday Blitz"]
[Site "Chess.com"]
[Date "2021.04.27"]
[Round "6"]
[White "Diego_FloresQ"]
[Black "Trickster_Pony"]
[Result "1-0"]
[WhiteElo "2600"]
[BlackElo "1621"]
[TimeControl "180+1"]
[EndTime "11:01:09 PDT"]
[Termination "Diego_FloresQ won by resignation"]

1. e4 c5 2. Nf3 g6 3. d4 cxd4 4.
Qxd4 Nf6 5. Nc3 Nc6 6. Qa4 d6 7. e5 dxe5 8. Nxe5 Bg7 9. Nxc6 bxc6 10. Qxc6+ Bd7 11. Qf3 Qc7 12. Qxa8+ 1-0

[Event "*** Titled Tuesday Blitz"]
[Site "Chess.com"]
[Date "2021.04.27"]
[Round "6"]
[White "zurzan"]
[Black "c_r_e_e_p_e_r"]
[Result "0-1"]
[WhiteElo "2030"]
[BlackElo "2396"]
[TimeControl "180+1"]
[EndTime "11:01:24 PDT"]
[Termination "c_r_e_e_p_e_r won by resignation"]

1. f4 e5 2. fxe5 Nc6 3. Nf3 d6 4. exd6 Bxd6 5. g3 h5 6. Nc3 h4 7. Ne4 hxg3 8. Nxd6+ Qxd6 9. d4 gxh2 10. e3 Qg3+ 11.
Kd2 Nf6 12. Bd3 Bg4 13. Be2 Ne4+ 14. Kd3 Nf2+ 0-1

[Event "*** Titled Tuesday Blitz"]
[Site "Chess.com"]
[Date "2021.04.27"]
[Round "6"]
[White "FMOlexandrProhorov"]
[Black "jraosam"]
[Result "1-0"]
[WhiteElo "2260"]
[BlackElo "1859"]
[TimeControl "180+1"]
[EndTime "11:02:13 PDT"]
[Termination "FMOlexandrProhorov won by resignation"]

1. e4 c5 2. c3 d5 3. exd5 Qxd5 4. d4 e6 5. Nf3 Nf6 6. Na3 Be7 7. Nb5 Na6 8. Be3 cxd4 9. Qxd4 O-O 10. Bc4 Qh5 11. O-O Rd8 12. Qe5 Qg6 13. h3 Nd5 14. Bxa7 Rxa7 15.
Nxa7 Bd6 16. Qg5 1-0

[Event "*** Titled Tuesday Blitz"]
[Site "Chess.com"]
[Date "2021.04.27"]
[Round "6"]
[White "SargissyanSargis"]
[Black "LamaChampetre"]
[Result "1-0"]
[WhiteElo "2361"]
[BlackElo "2208"]
[TimeControl "180+1"]
[EndTime "11:02:14 PDT"]
[Termination "SargissyanSargis won by resignation"]

1. e4 c5 2. Nc3 Nc6 3. Bb5 Nd4 4. Bc4 g6 5. Nge2 Bg7 6. Nxd4 cxd4 7. Ne2 Nf6 8. d3 d5 9. exd5 Nxd5 10. O-O O-O 11. Nf4 Nxf4 12. Bxf4 b6 13. Qf3 Bd7 14. Bd5 Rb8 15.
Bxb8 Qxb8 16. Rfe1 Qd6 17. h3 Rc8 18. Qxf7+ Kh8 19.
Rxe7 1-0

[Event "*** Titled Tuesday Blitz"]
[Site "Chess.com"]
[Date "2021.04.27"]
[Round "6"]
[White "UKR_Master"]
[Black "AniJak"]
[Result "1-0"]
[WhiteElo "2472"]
[BlackElo "2287"]
[TimeControl "180+1"]
[EndTime "11:02:29 PDT"]
[Termination "UKR_Master won by checkmate"]

1. e4 c5 2. Nf3 e6 3. d4 cxd4 4. Nxd4 a6 5. c4 Qc7 6. Nc3 Nf6 7. a3 Nc6 8. Nc2 Be7 9. g3 O-O 10. Bg2 b6 11. Bf4 d6 12. Rc1 Bb7 13. Ne3 Rfd8 14. Ncd5 exd5 15. cxd5 Qd7 16. dxc6 Bxc6 17. O-O Bxe4 18. Bxe4 Nxe4 19. Nd5 Rab8 20. Rc7 Qh3 21. Rxe7 Nc5 22. Qf3 Ne6 23. Bxd6 Rxd6 24. Qxf7+ Kh8 25.
Re8+ Rxe8 26. Qxe8+ Nf8 27. Qxf8# 1-0

[Event "*** Titled Tuesday Blitz"]
[Site "Chess.com"]
[Date "2021.04.27"]
[Round "6"]
[White "MVM2008"]
[Black "shreyansshah123"]
[Result "1-0"]
[WhiteElo "2258"]
[BlackElo "1692"]
[TimeControl "180+1"]
[EndTime "11:02:29 PDT"]
[Termination "MVM2008 won by resignation"]

1. e4 c5 2. Nf3 d6 3. d4 cxd4 4.
Nxd4 Nf6 5. f3 a6 6. c4 Nc6 7.
Nc3 e5 8. Nc2 Be7 9. Be2 Be6 10.
O-O O-O 11. Ne3 Nd4 12. Nc2 Nxe2+ 13. Qxe2 Rc8 14. Ne3 Qa5 15. Ncd5 Rfe8 16. Bd2 Qd8 17. b3 Nxd5 18. cxd5 Bd7 19. a4 f5 20. Nxf5 Bxf5 21. exf5 Qb6+ 22. Qe3 Qc7 23. Rac1 Qd8 24. Qd3 h6 25.
Rxc8 Qxc8 26. Rc1 Qd8 27. a5 Bg5 28. Bxg5 Qxg5 29. Rc7 Rf8 30. Rxb7 Rxf5 31. Rb8+ Kh7 32. g4 Qc1+ 33. Kg2 Qc2+ 34. Qxc2 1-0

[Event "*** Titled Tuesday Blitz"]
[Site "Chess.com"]
[Date "2021.04.27"]
[Round "6"]
[White "tylityli"]
[Black "mr65"]
[Result "0-1"]
[WhiteElo "2323"]
[BlackElo "2195"]
[TimeControl "180+1"]
[EndTime "11:02:34 PDT"]
[Termination "mr65 won by resignation"]

1. d4 Nf6 2. c4 g6 3. Nc3 Bg7 4. e4 d6 5. Nge2 O-O 6. Ng3 c5 7. d5 e6 8. Be2 exd5 9. cxd5 h5 10. Bg5 Re8 11. O-O a6 12. a4 Nbd7 13. Re1 Qe7 14. f3 Qf8 15. Qd2 Nh7 16. Bh6 Bxh6 17.
Qc2 h4 18. Nf1 Ne5 19. a5 h3 20. g4 Bf4 21. Ng3 Qe7 22. Bf1 Nxf3+ 0-1

[Event "*** Titled Tuesday Blitz"]
[Site "Chess.com"]
[Date "2021.04.27"]
[Round "6"]
[White "tusplingher"]
[Black "Yana_pro"]
[Result "1-0"]
[WhiteElo "2271"]
[BlackElo "1986"]
[TimeControl "180+1"]
[EndTime "11:02:47 PDT"]
[Termination "tusplingher won by resignation"]

1. e4 e5 2. Bc4 Nf6 3. d4 exd4 4. Nf3 Nxe4 5. Qxd4 Nd6 6. O-O Nxc4 7. Re1+ Be7 8. Qxg7 Rf8 9. Bh6 d5 10. Qxf8+ Kd7 11. Qxf7 Nc6 12. Qxd5+ Nd6 13. Qe6+ Ke8 14. Qg8+ Kd7 15. Qxd8+ Kxd8 16. Nc3 Bf5 17. Rad1 Kd7 18. Nd5 Be6 19.
Rxe6 Kxe6 20. Nxc7+ 1-0

[Event "*** Titled Tuesday Blitz"]
[Site "Chess.com"]
[Date "2021.04.27"]
[Round "6"]
[White "ural58"]
[Black "CraiggoryC"]
[Result "1-0"]
[WhiteElo "2481"]
[BlackElo "2226"]
[TimeControl "180+1"]
[EndTime "11:02:58 PDT"]
[Termination "ural58 won by resignation"]

1. e4 e6 2. Qe2 c5 3. b3 Nc6 4.
Bb2 Nf6 5. e5 Nd5 6. Nf3 Be7 7.
g3 O-O 8. Bg2 d6 9. exd6 Bf6 10.
Bxf6 Qxf6 11. c3 b6 12. O-O Bb7 13. Na3 Rad8 14. Nc4 b5 15. Nce5 a6 16. Nxc6 Bxc6 17. Ne5 Ba8 18. c4 Nb4 19. Bxa8 Rxa8 20. Nd7 Qd4 21. Nxf8 Qxd6 22. Nxh7 Kxh7 23. Qe4+ 1-0

[Event "*** Titled Tuesday Blitz"]
[Site "Chess.com"]
[Date "2021.04.27"]
[Round "6"]
[White "RafalBRC"]
[Black "Andrii_Prydun"]
[Result "0-1"]
[WhiteElo "2172"]
[BlackElo "2338"]
[TimeControl "180+1"]
[EndTime "11:03:12 PDT"]
[Termination "Andrii_Prydun won by checkmate"]

1. d4 d5 2. c4 c6 3. Nf3 Nf6 4. Nc3 e6 5. Bg5 h6 6. Bh4 dxc4 7. e4 b5 8. e5 g5 9. Nxg5 hxg5 10. Bxg5 Nbd7 11. a4 Qb6 12. exf6 Bb7 13. axb5 cxb5 14.
b3 Bb4 15. Bd2 Qxd4 16. Rc1 Ne5 17. bxc4 Rd8 18. cxb5 Bxg2 19. Bxg2 Nd3+ 20. Kf1 Qxf2# 0-1

[Event "*** Titled Tuesday Blitz"]
[Site "Chess.com"]
[Date "2021.04.27"]
[Round "6"]
[White "moro182"]
[Black "Grieve72"]
[Result "0-1"]
[WhiteElo "2697"]
[BlackElo "2520"]
[TimeControl "180+1"]
[EndTime "11:03:16 PDT"]
[Termination "Grieve72 won by resignation"]

1. d4 f5 2. c4 Nf6 3. g3 g6 4.
Bg2 Bg7 5. b3 d6 6. Bb2 O-O 7. Nd2 Nc6 8. d5 Ne5 9. Ngf3 Nfg4 10. Qc2 c6 11. Nxe5 Nxe5 12. dxc6 Nxc6 13. Bxg7 Kxg7 14. e3 e5 15. h4 e4 16. Bf1 Ne5 17. Be2 Be6 18. h5 Rc8 19. Qb2 Qf6 20. hxg6 Nd3+ 0-1

[Event "*** Titled Tuesday Blitz"]
[Site "Chess.com"]
[Date "2021.04.27"]
[Round "6"]
[White "Andrakhanova"]
[Black "alexgo05"]
[Result "0-1"]
[WhiteElo "2290"]
[BlackElo "2481"]
[TimeControl "180+1"]
[EndTime "11:03:29 PDT"]
[Termination "alexgo05 won by resignation"]

1. c4 Nf6 2. Nc3 d6 3. g3 e5 4. Bg2 Be7 5. e3 O-O 6. Nge2 Nbd7 7. O-O c6 8. d4 Qc7 9. b3 Re8 10. Bb2 Bf8 11. Qc2 a6 12. a4 a5 13. Rad1 exd4 14. Nxd4 Nc5 15. h3 g6 16. Kh2 Bg7 17. Rd2 h5 18. Rfd1 h4 19. Ndb5 hxg3+ 20. fxg3 cxb5 21. Nxb5 Qb8 22. Nxd6 Rxe3 23. Nxc8 Qxg3+ 24. Kg1 Rxc8 25. Rd8+ Rxd8 26. Rxd8+ Kh7 27. Rd1 Nd3 28. Bc3 Nf4 29.
Bxa5 Re2 0-1

[Event "*** Titled Tuesday Blitz"]
[Site "Chess.com"]
[Date "2021.04.27"]
[Round "6"]
[White "jefferyx"]
[Black "Sam_ChessMood"]
[Result "1-0"]
[WhiteElo "3007"]
[BlackElo "2902"]
[TimeControl "180+1"]
[EndTime "11:03:34 PDT"]
[Termination "jefferyx won by resignation"]

1. e4 c5 2. Nf3 d6 3. d4 cxd4 4. Nxd4 Nf6 5. Nc3 a6 6. Bg5 e6 7.
f4 Qb6 8. a3 Nc6 9. Nb3 h6 10.
Bxf6 Qe3+ 11. Qe2 Qxe2+ 12. Bxe2 gxf6 13. Bh5 Bd7 14. Na4 Rd8 15. Nb6 Ke7 16. Nxd7 Rxd7 17. O-O-O Bg7 18. Rd3 Rc8 19. Rhd1 b5 20. Kb1 Nd8 21.
Rg3 Kf8 22. f5 Nc6 23. fxe6 fxe6 24. Nc5 Re7 25. Rxd6 1-0

[Event "*** Titled Tuesday Blitz"]
[Site "Chess.com"]
[Date "2021.04.27"]
[Round "6"]
[White "Kale36"]
[Black "SHIVACalypso"]
[Result "1-0"]
[WhiteElo "2284"]
[BlackElo "2439"]
[TimeControl "180+1"]
[EndTime "11:03:38 PDT"]
[Termination "Kale36 won by checkmate"]

1. b3 e5 2. Bb2 Nc6 3. e3 g6 4. Bb5 Bg7 5. Nf3 d6 6. d4 e4 7. Nfd2 d5 8. c4 a6 9. Ba4 Be6 10. cxd5 Bxd5 11. Bxc6+ Bxc6 12. Nc3 f5 13. f3 exf3 14.
Nxf3 Nf6 15. Ne5 Bxg2 16. Rg1 Be4 17. Ba3 Nd5 18. Nxe4 fxe4 19. Qg4 Qf6 20. Qd7# 1-0

[Event "*** Titled Tuesday Blitz"]
[Site "Chess.com"]
[Date "2021.04.27"]
[Round "6"]
[White "ehrenfeld"]
[Black "Buffy7"]
[Result "0-1"]
[WhiteElo "2520"]
[BlackElo "2696"]
[TimeControl "180+1"]
[EndTime "11:03:42 PDT"]
[Termination "Buffy7 won by resignation"]

1. e4 e5 2. Nc3 Nf6 3. f4 d5 4. fxe5 Nxe4 5. Qf3 Nxc3 6. bxc3 c5 7. Bb5+ Nc6 8. Qg3 Be6 9. Ne2 g5 10. O-O Be7 11.
d4 Qa5 12. Bxc6+ bxc6 13. Qf2 h5 14. Be3 c4 15. Qe1 h4 16. Qd2 Rg8 17. Rf2 Rb8 18. Kh1 Rb2 19. a4 Kd7 20. Qc1 Rb7 21. Ng1 Qxc3 22.
Nf3 g4 23. Ng5 Bxg5 24. Bxg5 Qxd4 25. c3 0-1

[Event "*** Titled Tuesday Blitz"]
[Site "Chess.com"]
[Date "2021.04.27"]
[Round "6"]
[White "TheKingOfTheForest"]
[Black "pavelalexandru07"]
[Result "1-0"]
[WhiteElo "2243"]
[BlackElo "2328"]
[TimeControl "180+1"]
[EndTime "11:04:05 PDT"]
[Termination "TheKingOfTheForest won by resignation"]

1. d4 Nf6 2. c4 c5 3. d5 e6 4. Nc3 exd5 5. cxd5 d6 6. Bf4 g6 7. h3 Bg7 8. Nf3 O-O 9. e3 Ne8 10. Nd2 Nd7 11. Nc4 Ne5 12. Bxe5 Bxe5 13. Nxe5 dxe5 14.
Be2 Nd6 15. O-O f5 16. Nb5 a6 17. Nxd6 Qxd6 18. Bc4 b5 19. Be2 Bb7 20. Rc1 Rac8 21. a3 Kg7 22. Qd2 Qxd5 23. Qxd5 Bxd5 24. Rfd1 Rfd8 25.
f4 e4 26. g4 Kf6 27. gxf5 gxf5 28. Kf2 Ke6 29. Rg1 Kf6 30. Rg5 c4 31. Rh5 Rc7 32.
Rh6+ Kg7 33. Rxa6 Be6 1-0

[Event "*** Titled Tuesday Blitz"]
[Site "Chess.com"]
[Date "2021.04.27"]
[Round "6"]
[White "DFeco"]
[Black "WiktoriaPOL"]
[Result "1-0"]
[WhiteElo "2277"]
[BlackElo "2037"]
[TimeControl "180+1"]
[EndTime "11:04:12 PDT"]
[Termination "DFeco won by checkmate"]

1. c4 Nf6 2. g3 g6 3. Bg2 Bg7 4. Nc3 O-O 5. e4 d6 6. Nge2 e5 7. O-O c6 8. d3 Be6 9. h3 d5 10. cxd5 cxd5 11. Bg5 d4 12. Nb5 a6 13. Na3 h6 14.
Bd2 Nc6 15. f4 exf4 16. gxf4 Nd7 17. f5 gxf5 18. exf5 Bd5 19. Bxd5 Nde5 20. Bg2 Nxd3 21. Ng3 Nxb2 22. Qf3 d3 23. f6 Bh8 24. Qg4+ Kh7 25.
Be4# 1-0

[Event "*** Titled Tuesday Blitz"]
[Site "Chess.com"]
[Date "2021.04.27"]
[Round "6"]
[White "KhatanbaatarBazar"]
[Black "Grandmaster2B"]
[Result "1-0"]
[WhiteElo "2663"]
[BlackElo "2502"]
[TimeControl "180+1"]
[EndTime "11:04:15 PDT"]
[Termination "KhatanbaatarBazar won by resignation"]

1. e4 c5 2. Nf3 d6 3. Bb5+ Nd7 4. c3 Nf6 5. Qe2 a6 6. Ba4 b5 7. Bc2 Bb7 8. O-O e6 9. d4 Qc7 10. Bd3 Be7 11. Nbd2 O-O 12. Re1 Rfe8 13. e5 dxe5 14. dxe5 Nd5 15. Qe4 Nf8 16. Qg4 Rad8 17. Bc2 b4 18. c4 Nb6 19. b3 a5 20. h4 a4 21. h5 axb3 22. axb3 Ra8 23. Rxa8 Rxa8 24. Ne4 Bxe4 25. Bxe4 Rd8 26. h6 g6 27. Bg5 Qd7 28. Qh4 Re8 29. Ra1 Bxg5 30. Qxg5 Qd8 31. Qf4 Nfd7 32. Ra7 Qe7 33. Bc6 Rc8 34. Bb5 Ra8 35.
Rxa8+ Nxa8 36. Bxd7 Nb6 1-0

[Event "*** Titled Tuesday Blitz"]
[Site "Chess.com"]
[Date "2021.04.27"]
[Round "6"]
[White "sorrm8thatscheckm8"]
[Black "LileKoridze"]
[Result "1-0"]
[WhiteElo "2568"]
[BlackElo "2407"]
[TimeControl "180+1"]
[EndTime "11:04:16 PDT"]
[Termination "sorrm8thatscheckm8 won by resignation"]

1. d4 Nf6 2. c4 e6 3. Nf3 d5 4. Nc3 Bb4 5. Qa4+ Nc6 6. e3 O-O 7. Qc2 dxc4 8. Bxc4 Bd6 9. a3 a6 10. O-O b5 11. Bd3 Bb7 12. Ne4 Nxe4 13. Bxe4 Qd7 14. Bxh7+ Kh8 15. Ng5 g6 16. Bxg6 fxg6 17. Qxg6 Qg7 18. Qh5+ Kg8 19. Nxe6 Qf6 20. Ng5 Qe7 21.
Qg6+ Kh8 22. Qh6+ Kg8 23. Qg6+ Kh8 24. f4 Rf6 25. Qh5+ Kg8 26. Rf3 Qg7 27. Rg3 Rg6 28. d5 Nd8 29. e4 Bc5+ 30. Kh1 Bf2 31. Ne6 Rxg3 32. Nxg7 Rxg7 33. Bd2 Nf7 34. Bc3 Rh7 35. Qg6+ 1-0

[Event "*** Titled Tuesday Blitz"]
[Site "Chess.com"]
[Date "2021.04.27"]
[Round "6"]
[White "Kolle05"]
[Black "TomasKapitanchuk"]
[Result "0-1"]
[WhiteElo "2324"]
[BlackElo "2539"]
[TimeControl "180+1"]
[EndTime "11:04:17 PDT"]
[Termination "TomasKapitanchuk won by resignation"]

1. e4 c5 2. Nf3 e6 3. d4 cxd4 4. Nxd4 Nc6 5. Nc3 Qc7 6. g3 a6 7. Bg2 Nf6 8. O-O Nxd4 9. Qxd4 Bc5 10. Bf4 d6 11. Qd2 h6 12. Rad1 e5 13. Be3 Bxe3 14. Qxe3 Be6 15. Qd2 Rd8 16. f4 O-O 17. h3 b5 18. Nd5 Bxd5 19. exd5 Rfe8 20. Rde1 Qc5+ 21. Kh2 exf4 22. Qxf4 Rxe1 23. Rxe1 Qxc2 24. Re7 Qxb2 25. Qe3 Qxa2 26. Qa7 Rf8 27. Qb6 Nxd5 28. Qxd6 Nxe7 29. Qxe7 0-1

[Event "*** Titled Tuesday Blitz"]
[Site "Chess.com"]
[Date "2021.04.27"]
[Round "6"]
[White "Nuvas"]
[Black "elohunter1999"]
[Result "1-0"]
[WhiteElo "2638"]
[BlackElo "2487"]
[TimeControl "180+1"]
[EndTime "11:04:18 PDT"]
[Termination "Nuvas won by resignation"]

1. d4 Nf6 2. c4 e5 3. dxe5 Ng4 4. Bf4 Nc6 5. Nf3 Bb4+ 6. Nc3 Qe7 7. Qd5 f6 8. exf6 Nxf6 9. Qd3 O-O 10. g3 d6 11. Bg2 Nh5 12. Qd5+ Qf7 13. Ng5 Qxd5 14.
Bxd5+ Kh8 15. Nf7+ Rxf7 16. Bxf7 Nxf4 17. gxf4 Bf5 18.
O-O-O a6 19. Bd5 Re8 20. e3 Na5 21. c5 Bxc5 22. a3 c6 23. Ba2 d5 24. b4 Bd6 25.
bxa5 Bxa3+ 26. Kd2 Bb4 27. Rb1 c5 28. Rxb4 cxb4 29.
Nxd5 Rd8 30. f3 Bh3 31. Rc1 Bg2 32. Ke2 Bh3 33. Nxb4 h6 34. Rc7 1-0

[Event "*** Titled Tuesday Blitz"]
[Site "Chess.com"]
[Date "2021.04.27"]
[Round "6"]
[White "aaaao"]
[Black "Sjakkerntobi"]
[Result "0-1"]
[WhiteElo "2651"]
[BlackElo "2394"]
[TimeControl "180+1"]
[EndTime "11:04:19 PDT"]
[Termination "Sjakkerntobi won by resignation"]

1. e4 e6 2. Nf3 d5 3. e5 c5 4. g3 Nc6 5. Bg2 Qc7 6. Qe2 Nh6 7. O-O Nf5 8. c3 Be7 9. d3 O-O 10. Bf4 b5 11. h4 Bb7 12. Nbd2 Rfc8 13.
h5 h6 14. g4 Nh4 15. Nxh4 Bxh4 16. Nf3 Be7 17. Rae1 Qd8 18. Qd2 Bf8 19. g5 hxg5 20. Bxg5 Be7 21. Qf4 b4 22. h6 g6 23. Bh3 Ba6 24. h7+ Kg7 25. Bh6+ Kxh7 26. Qxf7+ Kxh6 27. Bf5 gxf5 28. Qxe6+ Kg7 29. Kg2 Qg8 30. Qxf5 Rf8 31.
Qd7 Kh8+ 0-1

[Event "*** Titled Tuesday Blitz"]
[Site "Chess.com"]
[Date "2021.04.27"]
[Round "6"]
[White "karwowskikacper"]
[Black "Chessbard1972"]
[Result "1-0"]
[WhiteElo "2414"]
[BlackElo "2252"]
[TimeControl "180+1"]
[EndTime "11:04:23 PDT"]
[Termination "karwowskikacper won by resignation"]

1. e4 c5 2. d4 cxd4 3. c3 dxc3 4. Nxc3 Nc6 5. Nf3 a6 6. Bf4 d6 7.
Rc1 Bg4 8. Bc4 e6 9. h3 Bh5 10.
g4 Bg6 11. O-O Nf6 12. Qe2 Be7 13. Rfd1 Qb8 14. a4 O-O 15. e5 dxe5 16. Nxe5 Nxe5 17. Bxe5 Qa7 18. a5 Rac8 19. Na4 Rfd8 20.
Nb6 Rxd1+ 21. Rxd1 Rd8 22. Bc7 Rxd1+ 23. Qxd1 h6 24. Qd2 Bc5 25. b4 Bxb6 26. Qd8+ Kh7 27. axb6 1-0

[Event "*** Titled Tuesday Blitz"]
[Site "Chess.com"]
[Date "2021.04.27"]
[Round "6"]
[White "thebulldog1"]
[Black "eltrain1971"]
[Result "1-0"]
[WhiteElo "2401"]
[BlackElo "2242"]
[TimeControl "180+1"]
[EndTime "11:04:23 PDT"]
[Termination "thebulldog1 won by resignation"]

1. e4 e6 2. d4 d5 3. Nd2 c5 4.
Ngf3 cxd4 5. Nxd4 Nc6 6. Bb5 Bd7 7. Nxc6 bxc6 8. Bd3 Qc7 9. Qe2 Bd6 10. Nf3 f6 11. exd5 cxd5 12. c4 Ne7 13. O-O O-O 14. Be3 Kh8 15.
Rac1 Qb7 16. c5 Bc7 17. Nd4 e5 18. c6 Nxc6 19. Nxc6 Bxc6 20. Qc2 Rac8 21. Qxc6 Qxc6 22. Rxc6 e4 23. Rfc1 Bxh2+ 24. Kxh2 Rxc6 25. Rxc6 exd3 26. Rc3 Rb8 27. b3 d4 28. Bxd4 d2 29. Rd3 1-0